AoeStats
← Enelchen

Baltic

510820656Analyzed
4v4 RM · 18h ago on Oct 2, 2026· 28m 50s· 8 players
Game mode
Random Map
Map size
Large (8 player)
Population
200
Speed
Normal
Resources
Standard
Victory
Conquest
Starting age
Dark Age
Ending age
Imperial Age
RankedLock teamsTeams togetherTeam positionsShared explorationLock speedFull tech treeHidden civsTurbo modeCheats
Victory
Defeat
🇦🇷 Japanese · Argentina
928
+7
🇦🇷 Huns · Argentina
861
+10
🇦🇷 Persians · Argentina
852
+10
🇦🇷 Britons · Argentina
833
+9
🇩🇪 Italians · Germany
976
-51
🇩🇰 Lithuanians · Denmark
740
-9
🇩🇪 Khmer · Germany
567
-5
🇩🇪 Franks · Germany
462
-3
Whisky Romeo
8:57 Loom
12:42 Feudal Age
14:03 Wheelbarrow
13:16 Double-Bit Axe
27:59 Castle Age
25:46 Town Watch
26:36 Forging
Enelchen
11:17 Feudal Age
12:30 Double-Bit Axe
15:04 Loom
17:48 Castle Age
15:46 Horse Collar
16:42 Fishing Lines
19:04 Squires
24:13 Scale Barding Armor
24:19 Forging
25:39 Medium Warships
25:20 Gillnets
26:29 Stone Mining
26:34 Gold Mining
27:38 Heavy Plow
Gabs_24
0:40 Loom
13:45 Feudal Age
15:01 Wheelbarrow
14:12 Town Watch
14:11 Horse Collar
14:20 Double-Bit Axe
14:29 Gold Mining
15:06 Stone Mining
23:27 Castle Age
21:42 Forging
21:33 Scale Mail Armor
22:21 Fletching
22:32 Padded Archer Armor
23:10 Scale Barding Armor
24:08 Heavy Plow
24:37 Bow Saw
27:31 Crossbowman
Devil
0:26 Loom
13:29 Feudal Age
15:23 Double-Bit Axe
19:10 Castle Age
22:31 Husbandry
23:15 Bow Saw
25:31 Wheelbarrow
25:17 Gold Mining
25:53 Stone Mining
27:03 Fishing Lines
oski
11:51 Feudal Age
16:30 Double-Bit Axe
19:16 Castle Age
23:21 Fletching
24:37 Padded Archer Armor
27:38 Leather Archer Armor
27:29 Bodkin Arrow
QZ7
10:40 Feudal Age
11:07 Double-Bit Axe
16:23 Horse Collar
22:55 Castle Age
24:35 Gold Mining
25:31 Forging
26:13 Bow Saw
[LaCD] Chisor
10:57 Feudal Age
15:07 Castle Age
13:14 Double-Bit Axe
14:17 Horse Collar
16:04 Bow Saw
16:52 Bloodlines
16:44 Husbandry
19:06 Husbandry
22:37 Loom
23:44 Light Cavalry
25:16 Forging
26:12 Heavy Plow
27:39 Wheelbarrow
26:57 Town Watch
Cabo Ra
9:53 Feudal Age
19:28 Castle Age
17:17 Horse Collar
17:28 Double-Bit Axe
19:35 Scale Mail Armor
19:45 Forging
22:05 Wheelbarrow
21:28 Gold Mining
23:20 Loom
23:53 Hand Cart
23:00 Crossbowman
24:18 Stone Mining
26:12 Medium Warships
26:32 Thumb Ring
27:01 Squires
28:12 Gold Shaft Mining
Connection lost

Rejoining the realm…

Still unreachable

The connection could not be restored.

Session expired

The server has moved on; the page needs a fresh start.